Rampage vs Comets

Created - Thursday, October 15, 2015 at 02:33

Goals
1 2 3 T
Rampage 0 0 1 1
Comets 0 0 0 0
Shots
1 2 3 T
Rampage 7 9 13 29
Comets 16 13 7 36

1st period

No Goal

Penalties :
Liam O'Brien (SAN) for Interference (Minor) at 2:36, Mike Zalewski (UTI) for Fighting (Major) at 5:06, Tomas Kundratek (SAN) for Fighting (Major) at 5:06, Liam O'Brien (SAN) for Interference (Minor) at 5:32, Dylan McIlrath (UTI) for Fighting (Major) at 11:16, Keaton Ellerby (SAN) for Fighting (Major) at 11:16, Mat Clark (UTI) for Fighting (Major) at 16:03, Tomas Kundratek (SAN) for Fighting (Major) at 16:03

2nd period

No Goal

Penalties :
Dylan McIlrath (UTI) for Fighting (Major) at 1:29, Tomas Kundratek (SAN) for Fighting (Major / Game Misconduct) at 1:29, Yann Sauve (UTI) for Fighting (Major) at 3:32, Keaton Ellerby (SAN) for Fighting (Major) at 3:32

3rd period

1. Rampage , Bryan Rust 1 (Tanner Richard, Michal Rozsival) at 4:57

Penalties :
Mike Zalewski (UTI) for Fighting (Major) at 13:06, Joel Chouinard (SAN) for Fighting (Major) at 13:06, Ben Hanowski (UTI) for Fighting (Major) at 16:54, Connor Brickley (SAN) for Fighting (Major) at 16:54

Goalie Stats

Pheonix Copley (SAN), 36 saves from 36 shots - (1.000), W, 2-1-0, 60:00 minutes
Mike Condon (UTI), 28 saves from 29 shots - (0.966), L, 2-1-1, 59:10 minutes

Players Stats for Rampage

Player Name              G  A  P  +/- PIM S  H  SB GA TA FO     MP     PP MP  PK MP  
------------------------------------------------------------------------------------
Andrej Nestrasil         0  0  0   0  0   2  0  0  8  0  13/20  19:16   0:00   2:36 
Brett Hextall            0  0  0   1  0   0  1  0  0  0  0/0    12:13   0:00   0:00 
Bryan Rust               1  0  1   1  0   4  1  0  4  2  0/1    16:57   0:00   0:00 
Christian Thomas         0  0  0   0  0   0  4  0  2  0  0/0    15:17   0:00   0:00 
Colton Sceviour          0  0  0   0  0   5  1  0  1  1  1/3    19:05   0:00   2:36 
Connor Brickley          0  0  0   0  5   1  1  0  0  0  3/7    11:57   0:00   0:00 
Daniel Briere            0  0  0   0  0   4  1  0  2  0  2/6    16:43   0:00   1:22 
Joel Chouinard           0  0  0   1  5   2  1  1  0  2  0/0    20:57   0:00   0:00 
Jordan Szwarz            0  0  0   0  0   1  2  0  0  0  0/0     4:53   0:00   0:00 
Keaton Ellerby           0  0  0   1  10  0  2  0  1  1  0/0    15:03   0:00   2:27 
Liam O'Brien             0  0  0   0  4   1  3  0  0  0  0/0    13:22   0:00   0:00 
Matt Dumba               0  0  0   0  0   1  1  0  1  3  0/0    29:04   0:00   2:27 
Max Friberg              0  0  0   0  0   1  3  2  0  0  3/6    17:27   0:00   0:00 
Michal Rozsival          0  1  1   0  0   2  1  1  2  2  0/0    25:43   0:00   1:31 
Nate Prosser             0  0  0   0  0   3  0  1  0  0  0/0    25:35   0:00   1:31 
Tanner Richard           0  1  1   1  0   1  1  0  0  0  5/10   10:58   0:00   0:00 
Taylor Beck              0  0  0   0  0   1  2  2  2  0  0/0    17:48   0:00   1:22 
Tomas Kundratek          0  0  0   0  25  0  1  1  0  2  0/0     3:30   0:00   0:00 

Players Stats for Comets

Player Name              G  A  P  +/- PIM S  H  SB GA TA FO     MP     PP MP  PK MP  
------------------------------------------------------------------------------------
Andrew Ference           0  0  0   0  0   8  4  3  2  1  0/0    27:21   2:24   0:00 
Ben Hanowski             0  0  0  -1  5   3  1  0  2  1  0/1    20:14   2:07   0:00 
Brendan Gaunce           0  0  0   0  0   2  0  0  0  0  3/10   15:20   0:00   0:00 
Derek Meech              0  0  0   0  0   0  0  0  0  2  0/0    20:13   1:34   0:00 
Dylan McIlrath           0  0  0  -1  10  0  0  1  0  2  0/0    11:58   0:00   0:00 
Jeremy Welsh             0  0  0   0  0   0  0  2  0  1  11/17  18:31   1:51   0:00 
Joel Broda               0  0  0   0  0   0  0  0  0  0  3/5     5:12   0:00   0:00 
John Scott               0  0  0   0  0   2  2  1  2  1  0/0    20:13   1:34   0:00 
Landon Ferraro           0  0  0  -1  0   1  3  0  2  0  8/14   20:56   2:07   0:00 
Logan Shaw               0  0  0   0  0   2  0  1  0  1  0/0     8:36   0:00   0:00 
Mark Pysyk               0  0  0   0  0   1  0  2  0  1  0/0    20:37   2:24   0:00 
Mat Clark                0  0  0  -1  5   0  1  0  0  1  0/0    12:24   0:00   0:00 
Mike Zalewski            0  0  0   0  10  1  1  0  0  1  1/2    11:54   0:00   0:00 
Nicklas Jensen           0  0  0  -1  0   2  3  0  1  0  0/0    20:56   2:07   0:00 
Scott Glennie            0  0  0   0  0   5  2  0  3  1  0/2    16:01   0:00   0:00 
Sven Baertschi           0  0  0   0  0   5  2  0  6  1  0/1    18:31   1:51   0:00 
Tyler Kennedy            0  0  0   0  0   4  2  1  4  2  0/1    23:43   1:51   0:00 
Yann Sauve               0  0  0   0  5   0  0  2  0  0  0/0     7:08   0:00   0:00 

3 Stars

1 - Pheonix Copley (SAN)
2 - Mike Condon (UTI)
3 - Bryan Rust (SAN)

Power Play

Rampage - 0 on 0 Attempt(s) - 0.00%
Comets - 0 on 2 Attempt(s) - 0.00%

Penalty Kill

Rampage - 2 on 2 Attempt(s) - 100.00% - Score 0 goal in Penalty Kill
Comets - 0 on 0 Attempt(s) - 0.00% - Score 0 goal in Penalty Kill

Team Stat

Rampage - Hits : 26 - Faceoff Wins : 27 - Blocked Shots : 8 - Penalty Minutes : 49
Comets - Hits : 21 - Faceoff Wins : 26 - Blocked Shots : 13 - Penalty Minutes : 35

Official

Referees : Unknown
Linesman : Unknown

Game Notes

Mike Zalewski and Tomas Kundratek fight to a draw at 5:06 of 1st period
Dylan McIlrath and Keaton Ellerby fight to a draw at 11:16 of 1st period
Mat Clark and Tomas Kundratek fight to a draw at 16:03 of 1st period
Dylan McIlrath and Tomas Kundratek fight to a draw at 1:29 of 2nd period
Tomas Kundratek ejected from game at 1:29 of 2nd period
Yann Sauve and Keaton Ellerby fight to a draw at 3:32 of 2nd period
Jordan Szwarz is injured at 9:22 of 2nd period (Left Knee)
Mike Zalewski beats up Joel Chouinard at 13:06 of 3rd period
Ben Hanowski and Connor Brickley fight to a draw at 16:54 of 3rd period

Finance

Level 1 -- Attendance: 1487 (74.35%) -- Ticket Income $52,045
Level 2 -- Attendance: 697 (69.70%) -- Ticket Income $10,455
Total Attendance: 2184 (72.80%)
Total Ticket Income: $62,500
Other Income: $30,625
Total Income: $93,125

Rampage

5 vs 5 Forward 
   Center                   Left Wing                Right Wing               Time % Phy DF OF 
 1 Andrej Nestrasil         Taylor Beck              Colton Sceviour          35     1   2  2  
 2 Daniel Briere            Max Friberg              Christian Thomas         30     1   2  2  
 3 Connor Brickley          Bryan Rust               Liam O'Brien             22     1   2  2  
 4 Tanner Richard           Brett Hextall            Jordan Szwarz            13     1   2  2  

5 vs 5 Defense 
   Defense                  Defense                                           Time % Phy DF OF 
 1 Michal Rozsival          Nate Prosser                                      35     1   2  2  
 2 Matt Dumba               Keaton Ellerby                                    30     1   2  2  
 3 Tomas Kundratek          Joel Chouinard                                    22     1   2  2  
 4 Michal Rozsival          Nate Prosser                                      13     1   2  2  

PowerPlay Forward 
   Center                   Left Wing                Right Wing               Time % Phy DF OF 
 1 Andrej Nestrasil         Daniel Briere            Colton Sceviour          60     1   2  2  
 2 Connor Brickley          Taylor Beck              Christian Thomas         40     1   2  2  

PowerPlay Defense
   Defense                  Defense                                           Time % Phy DF OF 
 1 Michal Rozsival          Nate Prosser                                      60     1   2  2  
 2 Matt Dumba               Keaton Ellerby                                    40     1   2  2  

Penalty Kill 4 Players Forward 
   Center                   Wing                     Time % Phy DF OF 
 1 Colton Sceviour          Andrej Nestrasil         60     1   2  2  
 2 Daniel Briere            Taylor Beck              40     1   2  2  

Penalty Kill 4 Players Defense
   Defense                  Defense                  Time % Phy DF OF 
 1 Michal Rozsival          Nate Prosser             60     1   2  2  
 2 Matt Dumba               Keaton Ellerby           40     1   2  2  

Penalty Kill - 3 Players Forward 
   Forward                                           Time % Phy DF OF 
 1 Colton Sceviour                                   60     1   2  2  
 2 Andrej Nestrasil                                  40     1   2  2  

Penalty Kill - 3 Players Defense
   Defense                  Defense                  Time % Phy DF OF 
 1 Michal Rozsival          Nate Prosser             60     1   2  2  
 2 Matt Dumba               Keaton Ellerby           40     1   2  2  

4 vs 4 Forward 
   Center                   Wing                     Time % Phy DF OF 
 1 Colton Sceviour          Andrej Nestrasil         60     1   2  2  
 2 Daniel Briere            Taylor Beck              40     1   2  2  

4 vs 4 Defense
   Defense                  Defense                  Time % Phy DF OF 
 1 Michal Rozsival          Nate Prosser             60     1   2  2  
 2 Matt Dumba               Keaton Ellerby           40     1   2  2  

Last Minutes Offensive
   Center                   Left Wing                Right Wing               Defense                  Defense                  
   Andrej Nestrasil         Daniel Briere            Colton Sceviour          Michal Rozsival          Nate Prosser             

Last Minutes Defensive
   Center                   Left Wing                Right Wing               Defense                  Defense                  
   Andrej Nestrasil         Daniel Briere            Colton Sceviour          Michal Rozsival          Nate Prosser             

Goaltenders
Starting : Pheonix Copley           
Backup : Viktor Fasth             

Extra Forwards
Normal : Brett Hextall, Bryan Rust, Max Friberg - PP : Brett Hextall, Bryan Rust - PK : Max Friberg
Extra Defensemen
Normal : Tomas Kundratek, Joel Chouinard, Matt Dumba - PP : Tomas Kundratek - PK : Joel Chouinard, Matt Dumba
Penalty Shots
Colton Sceviour, Andrej Nestrasil, Daniel Briere, Taylor Beck, Christian Thomas

Comets

5 vs 5 Forward 
   Center                   Left Wing                Right Wing               Time % Phy DF OF 
 1 Jeremy Welsh             Tyler Kennedy            Sven Baertschi           35     1   2  2  
 2 Landon Ferraro           Ben Hanowski             Nicklas Jensen           30     1   2  2  
 3 Brendan Gaunce           Mike Zalewski            Scott Glennie            22     1   2  2  
 4 Joel Broda               Tyler Kennedy            Logan Shaw               13     1   2  2  

5 vs 5 Defense 
   Defense                  Defense                                           Time % Phy DF OF 
 1 Andrew Ference           Mark Pysyk                                        35     1   2  2  
 2 John Scott               Derek Meech                                       30     1   2  2  
 3 Dylan McIlrath           Mat Clark                                         22     1   2  2  
 4 Yann Sauve               Andrew Ference                                    13     1   2  2  

PowerPlay Forward 
   Center                   Left Wing                Right Wing               Time % Phy DF OF 
 1 Jeremy Welsh             Tyler Kennedy            Sven Baertschi           60     1   2  2  
 2 Landon Ferraro           Ben Hanowski             Nicklas Jensen           40     1   2  2  

PowerPlay Defense
   Defense                  Defense                                           Time % Phy DF OF 
 1 Andrew Ference           Mark Pysyk                                        60     1   2  2  
 2 John Scott               Derek Meech                                       40     1   2  2  

Penalty Kill 4 Players Forward 
   Center                   Wing                     Time % Phy DF OF 
 1 Tyler Kennedy            Sven Baertschi           60     1   2  2  
 2 Jeremy Welsh             Ben Hanowski             40     1   2  2  

Penalty Kill 4 Players Defense
   Defense                  Defense                  Time % Phy DF OF 
 1 Andrew Ference           Mark Pysyk               60     1   2  2  
 2 John Scott               Derek Meech              40     1   2  2  

Penalty Kill - 3 Players Forward 
   Forward                                           Time % Phy DF OF 
 1 Tyler Kennedy                                     60     1   2  2  
 2 Sven Baertschi                                    40     1   2  2  

Penalty Kill - 3 Players Defense
   Defense                  Defense                  Time % Phy DF OF 
 1 Andrew Ference           Mark Pysyk               60     1   2  2  
 2 John Scott               Derek Meech              40     1   2  2  

4 vs 4 Forward 
   Center                   Wing                     Time % Phy DF OF 
 1 Tyler Kennedy            Sven Baertschi           60     1   2  2  
 2 Jeremy Welsh             Ben Hanowski             40     1   2  2  

4 vs 4 Defense
   Defense                  Defense                  Time % Phy DF OF 
 1 Andrew Ference           Mark Pysyk               60     1   2  2  
 2 John Scott               Derek Meech              40     1   2  2  

Last Minutes Offensive
   Center                   Left Wing                Right Wing               Defense                  Defense                  
   Jeremy Welsh             Tyler Kennedy            Sven Baertschi           Andrew Ference           Mark Pysyk               

Last Minutes Defensive
   Center                   Left Wing                Right Wing               Defense                  Defense                  
   Jeremy Welsh             Tyler Kennedy            Sven Baertschi           Andrew Ference           Mark Pysyk               

Goaltenders
Starting : Mike Condon              
Backup : Scott Wedgewood          

Extra Forwards
Normal : Scott Glennie, Logan Shaw, Brendan Gaunce - PP : Scott Glennie, Logan Shaw - PK : Brendan Gaunce
Extra Defensemen
Normal : Dylan McIlrath, Mat Clark, Yann Sauve - PP : Dylan McIlrath - PK : Mat Clark, Yann Sauve
Penalty Shots
Tyler Kennedy, John Scott, Sven Baertschi, Jeremy Welsh, Ben Hanowski

% Time on Ice - Rampage

Lines # - Real PCT - Wanted PCT - Time Play
Normal Forward
1 - 29% - 35% - 16:29
2 - 27% - 30% - 15:21
3 - 24% - 22% - 13:13
4 - 20% - 13% - 10:59
Normal Defense
1 - 32% - 35% - 18:09
2 - 25% - 30% - 14:14
3 - 32% - 22% - 17:44
4 - 11% - 13% - 5:55
PP Forward
1 - 0% - 60%
2 - 0% - 40%
PP Defense
1 - 0% - 60%
2 - 0% - 40%
PK Forward
1 - 66% - 60% - 2:36
2 - 34% - 40% - 1:22
PK Defense
1 - 38% - 60% - 1:31
2 - 62% - 40% - 2:27
PK3 Forward
1 - 0% - 60%
2 - 0% - 40%
PK3 Defense
1 - 0% - 60%
2 - 0% - 40%
44 Forward
1 - 0% - 60%
2 - 0% - 40%
44 Defense
1 - 0% - 60%
2 - 0% - 40%
Last Minute Offensive  - 0:00
Last Minute Defensive  - 0:00
Total
Forward - 60:00
Defense - 60:00

% Time on Ice - Comets

Lines # - Real PCT - Wanted PCT - Time Play
Normal Forward
1 - 29% - 35% - 16:06
2 - 34% - 30% - 18:49
3 - 28% - 22% - 15:21
4 - 9% - 13% - 5:12
Normal Defense
1 - 33% - 35% - 18:11
2 - 33% - 30% - 18:08
3 - 25% - 22% - 13:54
4 - 9% - 13% - 5:15
PP Forward
1 - 47% - 60% - 1:51
2 - 53% - 40% - 2:07
PP Defense
1 - 61% - 60% - 2:24
2 - 39% - 40% - 1:34
PK Forward
1 - 0% - 60%
2 - 0% - 40%
PK Defense
1 - 0% - 60%
2 - 0% - 40%
PK3 Forward
1 - 0% - 60%
2 - 0% - 40%
PK3 Defense
1 - 0% - 60%
2 - 0% - 40%
44 Forward
1 - 0% - 60%
2 - 0% - 40%
44 Defense
1 - 0% - 60%
2 - 0% - 40%
Last Minute Offensive  - 0:34
Last Minute Defensive  - 0:00
Total
Forward - 60:00
Defense - 60:00

Play by Play

1st period


0:01 of 1st period - Andrej Nestrasil wins face-off versus Jeremy Welsh in neutral zone.
1:09 of 1st period - Max Friberg is hit by Landon Ferraro and loses puck.
2:25 of 1st period - John Scott is hit by Keaton Ellerby and loses puck.
2:34 of 1st period - Snap shot by Logan Shaw.
2:34 of 1st period - Stopped by Pheonix Copley with a rebound.
2:36 of 1st period - Minor Penalty to Liam O'Brien for Interference.
2:37 of 1st period - Jeremy Welsh wins face-off versus Colton Sceviour in Rampage zone.
2:42 of 1st period - Wrist shot by Sven Baertschi.
2:42 of 1st period - Stopped by Pheonix Copley with a rebound.
2:44 of 1st period - Snap shot by Mark Pysyk.
2:44 of 1st period - Stopped by Pheonix Copley with a rebound.
3:28 of 1st period - Slapshot by Nicklas Jensen.
3:28 of 1st period - Stopped by Pheonix Copley with a rebound.
4:36 of 1st period - Penalty to Liam O'Brien is over, Liam O'Brien is back on ice.
4:43 of 1st period - Icing by Mark Pysyk.
4:44 of 1st period - Tanner Richard wins face-off versus Jeremy Welsh in Comets zone.
4:47 of 1st period - Snap shot by Jordan Szwarz.
4:47 of 1st period - Stopped by Mike Condon with a rebound.
4:53 of 1st period - Slapshot by Sven Baertschi.
4:53 of 1st period - Stopped by Pheonix Copley with a rebound.
5:06 of 1st period - Mike Zalewski and Tomas Kundratek fight to a draw.
5:06 of 1st period - Penalty to Mike Zalewski for Fighting.
5:06 of 1st period - Penalty to Tomas Kundratek for Fighting.
5:07 of 1st period - Connor Brickley wins face-off versus Brendan Gaunce in Comets zone.
5:14 of 1st period - Liam O'Brien is hit by John Scott and loses puck.
5:23 of 1st period - Snap shot by Scott Glennie.
5:23 of 1st period - Deflect By Logan Shaw.
5:23 of 1st period - Stopped by Pheonix Copley with a rebound.
5:32 of 1st period - Minor Penalty to Liam O'Brien for Interference.
5:33 of 1st period - Colton Sceviour wins face-off versus Landon Ferraro in Rampage zone.
6:06 of 1st period - Wrist shot by Landon Ferraro.
6:06 of 1st period - Shot Misses the Net.
6:08 of 1st period - Snap shot by Nicklas Jensen.
6:08 of 1st period - Stopped by Pheonix Copley with a rebound.
6:10 of 1st period - Slapshot by Mark Pysyk.
6:10 of 1st period - Shot Misses the Net.
6:42 of 1st period - Andrej Nestrasil is hit by Andrew Ference and loses puck.
6:59 of 1st period - Slapshot by John Scott.
6:59 of 1st period - Shot Blocked by Taylor Beck.
7:01 of 1st period - Slapshot by Derek Meech.
7:01 of 1st period - Shot Misses the Net.
7:32 of 1st period - Penalty to Liam O'Brien is over, Liam O'Brien is back on ice.
7:53 of 1st period - Wrist shot by Tanner Richard.
7:53 of 1st period - Deflect By Jordan Szwarz.
7:53 of 1st period - Shot Misses the Net.
7:53 of 1st period - Puck is out of play.
7:54 of 1st period - Brendan Gaunce wins face-off versus Tanner Richard in Comets zone.
8:01 of 1st period - Slapshot by Andrew Ference.
8:01 of 1st period - Shot Blocked by Joel Chouinard.
8:03 of 1st period - Wrist shot by Scott Glennie.
8:03 of 1st period - Shot Hit the Post.
8:05 of 1st period - Slapshot by Andrew Ference.
8:05 of 1st period - Shot Misses the Net.
9:12 of 1st period - Wrist shot by Bryan Rust.
9:12 of 1st period - Stopped by Mike Condon without a rebound.
9:13 of 1st period - Brendan Gaunce wins face-off versus Max Friberg in Comets zone.
10:10 of 1st period - Snap shot by Ben Hanowski.
10:10 of 1st period - Stopped by Pheonix Copley with a rebound.
10:12 of 1st period - Snap shot by Andrew Ference.
10:12 of 1st period - Stopped by Pheonix Copley without a rebound.
10:13 of 1st period - Andrej Nestrasil wins face-off versus Jeremy Welsh in Rampage zone.
10:36 of 1st period - Snap shot by Taylor Beck.
10:36 of 1st period - Deflect By Andrej Nestrasil.
10:36 of 1st period - Stopped by Mike Condon without a rebound.
10:37 of 1st period - Landon Ferraro wins face-off versus Connor Brickley in Comets zone.
11:16 of 1st period - Dylan McIlrath and Keaton Ellerby fight to a draw.
11:16 of 1st period - Penalty to Dylan McIlrath for Fighting.
11:16 of 1st period - Penalty to Keaton Ellerby for Fighting.
11:17 of 1st period - Jeremy Welsh wins face-off versus Andrej Nestrasil in Rampage zone.
11:27 of 1st period - Colton Sceviour is hit by Andrew Ference and loses puck.
11:42 of 1st period - Slapshot by Sven Baertschi.
11:42 of 1st period - Stopped by Pheonix Copley without a rebound.
11:43 of 1st period - Daniel Briere wins face-off versus Ben Hanowski in Rampage zone.
11:58 of 1st period - Wrist shot by Daniel Briere.
11:58 of 1st period - Stopped by Mike Condon with a rebound.
12:06 of 1st period - Slapshot by Christian Thomas.
12:06 of 1st period - Shot Misses the Net.
12:36 of 1st period - Slapshot by Brendan Gaunce.
12:36 of 1st period - Shot Misses the Net.
12:38 of 1st period - Slapshot by Andrew Ference.
12:38 of 1st period - Shot Blocked by Tomas Kundratek.
12:50 of 1st period - Slapshot by Andrew Ference.
12:50 of 1st period - Stopped by Pheonix Copley without a rebound.
12:51 of 1st period - Jeremy Welsh wins face-off versus Andrej Nestrasil in Rampage zone.
13:00 of 1st period - Wrist shot by Tyler Kennedy.
13:00 of 1st period - Deflect By Sven Baertschi.
13:00 of 1st period - Shot Misses the Net.
13:00 of 1st period - Puck is out of play.
13:01 of 1st period - Andrej Nestrasil wins face-off versus Jeremy Welsh in Rampage zone.
13:29 of 1st period - Jeremy Welsh is hit by Taylor Beck and loses puck.
13:58 of 1st period - Michal Rozsival is hit by Ben Hanowski and loses puck.
14:09 of 1st period - Wrist shot by Bryan Rust.
14:09 of 1st period - Shot Misses the Net.
14:11 of 1st period - Slapshot by Liam O'Brien.
14:11 of 1st period - Stopped by Mike Condon with a rebound.
14:34 of 1st period - Off-side.
14:35 of 1st period - Tanner Richard wins face-off versus Brendan Gaunce in neutral zone.
14:38 of 1st period - Mike Zalewski is hit by Tanner Richard and loses puck.
14:55 of 1st period - Snap shot by Scott Glennie.
14:55 of 1st period - Deflect By Mike Zalewski.
14:55 of 1st period - Shot Misses the Net.
14:55 of 1st period - Puck is out of play.
14:56 of 1st period - Andrej Nestrasil wins face-off versus Joel Broda in Rampage zone.
15:07 of 1st period - Snap shot by Tyler Kennedy.
15:07 of 1st period - Shot Blocked by Taylor Beck.
15:29 of 1st period - Andrew Ference is hit by Tomas Kundratek and loses puck.
16:02 of 1st period - Snap shot by Daniel Briere.
16:02 of 1st period - Stopped by Mike Condon without a rebound.
16:03 of 1st period - Brendan Gaunce wins face-off versus Connor Brickley in Comets zone.
16:03 of 1st period - Mat Clark and Tomas Kundratek fight to a draw.
16:03 of 1st period - Penalty to Mat Clark for Fighting.
16:03 of 1st period - Penalty to Tomas Kundratek for Fighting.
16:04 of 1st period - Andrej Nestrasil wins face-off versus Landon Ferraro in Comets zone.
16:21 of 1st period - Slapshot by Colton Sceviour.
16:21 of 1st period - Stopped by Mike Condon without a rebound.
16:22 of 1st period - Landon Ferraro wins face-off versus Colton Sceviour in Comets zone.
16:27 of 1st period - Matt Dumba is hit by Landon Ferraro and loses puck.
17:39 of 1st period - Michal Rozsival is hit by Sven Baertschi.
18:09 of 1st period - Slapshot by Scott Glennie.
18:09 of 1st period - Stopped by Pheonix Copley with a rebound.
18:11 of 1st period - Wrist shot by Mike Zalewski.
18:11 of 1st period - Stopped by Pheonix Copley with a rebound.
18:13 of 1st period - Slapshot by Andrew Ference.
18:13 of 1st period - Stopped by Pheonix Copley with a rebound.
18:36 of 1st period - Slapshot by Scott Glennie.
18:36 of 1st period - Stopped by Pheonix Copley with a rebound.
18:38 of 1st period - Slapshot by Mark Pysyk.
18:38 of 1st period - Deflect By Brendan Gaunce.
18:38 of 1st period - Stopped by Pheonix Copley without a rebound.
18:39 of 1st period - Landon Ferraro wins face-off versus Tanner Richard in Rampage zone.
19:54 of 1st period - Wrist shot by Scott Glennie.
19:54 of 1st period - Shot Misses the Net.
Goals for this period are 0 for Rampage vs 0 for Comets.
Shots for this period are 7 for Rampage vs 16 for Comets.

2nd period


0:01 of 2nd period - Jeremy Welsh wins face-off versus Andrej Nestrasil in neutral zone.
0:30 of 2nd period - Slapshot by Colton Sceviour.
0:30 of 2nd period - Stopped by Mike Condon with a rebound.
0:32 of 2nd period - Snap shot by Andrej Nestrasil.
0:32 of 2nd period - Shot Blocked by Mark Pysyk.
1:05 of 2nd period - Yann Sauve is hit by Michal Rozsival and loses puck.
1:29 of 2nd period - Dylan McIlrath and Tomas Kundratek fight to a draw.
1:29 of 2nd period - Penalty to Dylan McIlrath for Fighting.
1:29 of 2nd period - Penalty to Tomas Kundratek for Fighting.
1:29 of 2nd period - Tomas Kundratek is ejected from game.
1:30 of 2nd period - Andrej Nestrasil wins face-off versus Brendan Gaunce in Comets zone.
2:19 of 2nd period - Snap shot by Daniel Briere.
2:19 of 2nd period - Deflect By Andrew Ference.
2:19 of 2nd period - Shot Blocked by Mark Pysyk.
2:19 of 2nd period - Puck is out of play.
2:20 of 2nd period - Landon Ferraro wins face-off versus Daniel Briere in Comets zone.
2:32 of 2nd period - Slapshot by Christian Thomas.
2:32 of 2nd period - Shot Misses the Net.
2:44 of 2nd period - Wrist shot by Landon Ferraro.
2:44 of 2nd period - Shot Blocked by Max Friberg.
2:46 of 2nd period - Snap shot by John Scott.
2:46 of 2nd period - Stopped by Pheonix Copley with a rebound.
2:59 of 2nd period - John Scott is hit by Max Friberg and loses puck.
3:18 of 2nd period - Yann Sauve is hit by Connor Brickley and loses puck.
3:32 of 2nd period - Yann Sauve and Keaton Ellerby fight to a draw.
3:32 of 2nd period - Penalty to Yann Sauve for Fighting.
3:32 of 2nd period - Penalty to Keaton Ellerby for Fighting.
3:33 of 2nd period - Andrej Nestrasil wins face-off versus Jeremy Welsh in Rampage zone.
4:35 of 2nd period - Andrew Ference is hit by Liam O'Brien and loses puck.
4:55 of 2nd period - Bryan Rust is hit by Landon Ferraro and loses puck.
5:08 of 2nd period - Michal Rozsival is hit by Andrew Ference and loses puck.
5:30 of 2nd period - John Scott is hit by Christian Thomas and loses puck.
5:45 of 2nd period - Slapshot by John Scott.
5:45 of 2nd period - Shot Blocked by Max Friberg.
5:59 of 2nd period - Off-side.
6:00 of 2nd period - Tanner Richard wins face-off versus Joel Broda in neutral zone.
6:25 of 2nd period - Matt Dumba is hit by Tyler Kennedy and loses puck.
6:39 of 2nd period - Derek Meech is hit by Jordan Szwarz and loses puck.
6:56 of 2nd period - Off-side.
6:57 of 2nd period - Andrej Nestrasil wins face-off versus Mike Zalewski in neutral zone.
7:53 of 2nd period - Nicklas Jensen is hit by Liam O'Brien and loses puck.
8:11 of 2nd period - Slapshot by Bryan Rust.
8:11 of 2nd period - Shot Misses the Net.
8:13 of 2nd period - Slapshot by Connor Brickley.
8:13 of 2nd period - Stopped by Mike Condon with a rebound.
8:32 of 2nd period - Slapshot by Matt Dumba.
8:32 of 2nd period - Stopped by Mike Condon with a rebound.
8:46 of 2nd period - Andrew Ference is hit by Daniel Briere and loses puck.
8:59 of 2nd period - Daniel Briere is hit by Sven Baertschi and loses puck.
9:12 of 2nd period - Andrew Ference is hit by Jordan Szwarz and loses puck.
9:21 of 2nd period - Jordan Szwarz is hit by Andrew Ference and loses puck.
9:22 of 2nd period - Jordan Szwarz from Rampage is injured at 9:22 of 2nd period (Left Knee).
9:23 of 2nd period - Jeremy Welsh wins face-off versus Andrej Nestrasil in Rampage zone.
9:55 of 2nd period - Slapshot by Mark Pysyk.
9:55 of 2nd period - Shot Misses the Net.
9:57 of 2nd period - Wrist shot by Sven Baertschi.
9:57 of 2nd period - Stopped by Pheonix Copley with a rebound.
10:11 of 2nd period - Nate Prosser is hit by Nicklas Jensen and loses puck.
11:08 of 2nd period - Snap shot by Daniel Briere.
11:08 of 2nd period - Shot Misses the Net.
11:10 of 2nd period - Wrist shot by Christian Thomas.
11:10 of 2nd period - Shot Misses the Net.
11:52 of 2nd period - Snap shot by Tyler Kennedy.
11:52 of 2nd period - Stopped by Pheonix Copley without a rebound.
11:53 of 2nd period - Tanner Richard wins face-off versus Jeremy Welsh in Rampage zone.
12:10 of 2nd period - Slapshot by Bryan Rust.
12:10 of 2nd period - Shot Misses the Net.
12:12 of 2nd period - Slapshot by Keaton Ellerby.
12:12 of 2nd period - Shot Blocked by Yann Sauve.
12:24 of 2nd period - Wrist shot by Bryan Rust.
12:24 of 2nd period - Shot Blocked by Jeremy Welsh.
12:38 of 2nd period - Andrew Ference is hit by Max Friberg and loses puck.
12:43 of 2nd period - Backhand shot by Daniel Briere.
12:43 of 2nd period - Stopped by Mike Condon with a rebound.
12:45 of 2nd period - Wrist shot by Daniel Briere.
12:45 of 2nd period - Shot Blocked by Yann Sauve.
12:47 of 2nd period - Slapshot by Michal Rozsival.
12:47 of 2nd period - Deflect By Andrew Ference.
12:47 of 2nd period - Stopped by Mike Condon without a rebound.
12:48 of 2nd period - Daniel Briere wins face-off versus Landon Ferraro in Comets zone.
13:52 of 2nd period - Snap shot by Scott Glennie.
13:52 of 2nd period - Stopped by Pheonix Copley with a rebound.
13:54 of 2nd period - Snap shot by Brendan Gaunce.
13:54 of 2nd period - Shot Misses the Net.
13:56 of 2nd period - Snap shot by Brendan Gaunce.
13:56 of 2nd period - Stopped by Pheonix Copley without a rebound.
13:57 of 2nd period - Tanner Richard wins face-off versus Brendan Gaunce in Rampage zone.
14:22 of 2nd period - Snap shot by Scott Glennie.
14:22 of 2nd period - Stopped by Pheonix Copley with a rebound.
14:31 of 2nd period - Icing by Nate Prosser.
14:32 of 2nd period - Joel Broda wins face-off versus Tanner Richard in Rampage zone.
14:37 of 2nd period - Slapshot by Andrew Ference.
14:37 of 2nd period - Stopped by Pheonix Copley with a rebound.
14:56 of 2nd period - Tyler Kennedy is hit by Brett Hextall and loses puck.
15:20 of 2nd period - Snap shot by Colton Sceviour.
15:20 of 2nd period - Shot Blocked by Andrew Ference.
15:22 of 2nd period - Slapshot by Joel Chouinard.
15:22 of 2nd period - Stopped by Mike Condon with a rebound.
15:24 of 2nd period - Backhand shot by Andrej Nestrasil.
15:24 of 2nd period - Stopped by Mike Condon with a rebound.
15:26 of 2nd period - Snap shot by Taylor Beck.
15:26 of 2nd period - Shot Blocked by Tyler Kennedy.
15:28 of 2nd period - Slapshot by Taylor Beck.
15:28 of 2nd period - Stopped by Mike Condon without a rebound.
15:29 of 2nd period - Landon Ferraro wins face-off versus Connor Brickley in Comets zone.
16:43 of 2nd period - Snap shot by Daniel Briere.
16:43 of 2nd period - Deflect By Christian Thomas.
16:43 of 2nd period - Shot Misses the Net.
16:43 of 2nd period - Puck is out of play.
16:44 of 2nd period - Max Friberg wins face-off versus Scott Glennie in Comets zone.
16:55 of 2nd period - Slapshot by Andrew Ference.
16:55 of 2nd period - Stopped by Pheonix Copley with a rebound.
16:57 of 2nd period - Slapshot by Andrew Ference.
16:57 of 2nd period - Stopped by Pheonix Copley with a rebound.
16:59 of 2nd period - Wrist shot by Andrew Ference.
16:59 of 2nd period - Stopped by Pheonix Copley with a rebound.
17:03 of 2nd period - Snap shot by Scott Glennie.
17:03 of 2nd period - Shot Misses the Net.
17:05 of 2nd period - Slapshot by Andrew Ference.
17:05 of 2nd period - Stopped by Pheonix Copley without a rebound.
17:06 of 2nd period - Jeremy Welsh wins face-off versus Tanner Richard in Rampage zone.
17:13 of 2nd period - Wrist shot by Tyler Kennedy.
17:13 of 2nd period - Stopped by Pheonix Copley without a rebound.
17:14 of 2nd period - Jeremy Welsh wins face-off versus Bryan Rust in Rampage zone.
17:36 of 2nd period - Wrist shot by Tyler Kennedy.
17:36 of 2nd period - Stopped by Pheonix Copley with a rebound.
17:42 of 2nd period - Tyler Kennedy is hit by Bryan Rust and loses puck.
18:05 of 2nd period - Snap shot by Andrej Nestrasil.
18:05 of 2nd period - Shot Blocked by Andrew Ference.
18:07 of 2nd period - Wrist shot by Nate Prosser.
18:07 of 2nd period - Stopped by Mike Condon without a rebound.
18:08 of 2nd period - Andrej Nestrasil wins face-off versus Brendan Gaunce in Comets zone.
18:44 of 2nd period - Michal Rozsival is hit by Scott Glennie and loses puck.
18:51 of 2nd period - Scott Glennie is hit by Max Friberg and loses puck.
18:56 of 2nd period - Wrist shot by Daniel Briere.
18:56 of 2nd period - Shot Hit the Post.
19:37 of 2nd period - Snap shot by Landon Ferraro.
19:37 of 2nd period - Shot Misses the Net.
Goals for this period are 0 for Rampage vs 0 for Comets.
Shots for this period are 9 for Rampage vs 13 for Comets.

3rd period


0:01 of 3rd period - Jeremy Welsh wins face-off versus Andrej Nestrasil in neutral zone.
0:36 of 3rd period - Slapshot by Sven Baertschi.
0:36 of 3rd period - Stopped by Pheonix Copley with a rebound.
1:43 of 3rd period - Derek Meech is hit by Liam O'Brien and loses puck.
2:38 of 3rd period - Snap shot by Tanner Richard.
2:38 of 3rd period - Deflect By Tyler Kennedy.
2:38 of 3rd period - Shot Misses the Net.
2:38 of 3rd period - Puck is out of play.
2:39 of 3rd period - Jeremy Welsh wins face-off versus Tanner Richard in Comets zone.
3:23 of 3rd period - Mark Pysyk is hit by Taylor Beck.
3:39 of 3rd period - Wrist shot by Scott Glennie.
3:39 of 3rd period - Stopped by Pheonix Copley with a rebound.
4:08 of 3rd period - Off-side.
4:09 of 3rd period - Landon Ferraro wins face-off versus Daniel Briere in neutral zone.
4:20 of 3rd period - Ben Hanowski is hit by Christian Thomas and loses puck.
4:37 of 3rd period - Snap shot by Bryan Rust.
4:37 of 3rd period - Stopped by Mike Condon with a rebound.
4:39 of 3rd period - Slapshot by Michal Rozsival.
4:39 of 3rd period - Stopped by Mike Condon with a rebound.
4:41 of 3rd period - Snap shot by Michal Rozsival.
4:41 of 3rd period - Shot Misses the Net.
4:57 of 3rd period - Snap shot by Bryan Rust.
4:57 of 3rd period - Goal by Bryan Rust - Rampage : 1 - Comets : 0.
4:58 of 3rd period - Mike Zalewski wins face-off versus Andrej Nestrasil in neutral zone.
5:10 of 3rd period - Snap shot by Andrej Nestrasil.
5:10 of 3rd period - Shot Misses the Net.
5:22 of 3rd period - Snap shot by Mark Pysyk.
5:22 of 3rd period - Shot Blocked by Nate Prosser.
5:32 of 3rd period - Andrew Ference is hit by Colton Sceviour and loses puck.
5:58 of 3rd period - Snap shot by Bryan Rust.
5:58 of 3rd period - Shot Blocked by John Scott.
6:00 of 3rd period - Snap shot by Bryan Rust.
6:00 of 3rd period - Deflect By Liam O'Brien.
6:00 of 3rd period - Shot Misses the Net.
6:00 of 3rd period - Puck is out of play.
6:01 of 3rd period - Jeremy Welsh wins face-off versus Connor Brickley in Comets zone.
6:33 of 3rd period - Off-side.
6:34 of 3rd period - Landon Ferraro wins face-off versus Max Friberg in neutral zone.
7:06 of 3rd period - Slapshot by Michal Rozsival.
7:06 of 3rd period - Shot Misses the Net.
7:16 of 3rd period - Christian Thomas is hit by Nicklas Jensen and loses puck.
7:33 of 3rd period - Colton Sceviour is hit by Scott Glennie and loses puck.
8:04 of 3rd period - Brendan Gaunce is hit by Joel Chouinard and loses puck.
8:41 of 3rd period - Slapshot by Tanner Richard.
8:41 of 3rd period - Stopped by Mike Condon with a rebound.
9:24 of 3rd period - Snap shot by Matt Dumba.
9:24 of 3rd period - Shot Blocked by Dylan McIlrath.
9:26 of 3rd period - Slapshot by Joel Chouinard.
9:26 of 3rd period - Stopped by Mike Condon with a rebound.
9:28 of 3rd period - Slapshot by Matt Dumba.
9:28 of 3rd period - Deflect By Max Friberg.
9:28 of 3rd period - Stopped by Mike Condon without a rebound.
9:29 of 3rd period - Max Friberg wins face-off versus Landon Ferraro in Comets zone.
9:49 of 3rd period - Nicklas Jensen is hit by Matt Dumba and loses puck.
9:58 of 3rd period - Wrist shot by Colton Sceviour.
9:58 of 3rd period - Stopped by Mike Condon without a rebound.
9:59 of 3rd period - Joel Broda wins face-off versus Daniel Briere in Comets zone.
10:11 of 3rd period - Off-side.
10:12 of 3rd period - Joel Broda wins face-off versus Daniel Briere in neutral zone.
10:32 of 3rd period - Christian Thomas is hit by John Scott and loses puck.
11:14 of 3rd period - Ben Hanowski is hit by Keaton Ellerby.
11:26 of 3rd period - Wrist shot by Landon Ferraro.
11:26 of 3rd period - Shot Misses the Net.
11:28 of 3rd period - Wrist shot by Nicklas Jensen.
11:28 of 3rd period - Deflect By Ben Hanowski.
11:28 of 3rd period - Stopped by Pheonix Copley with a rebound.
12:26 of 3rd period - Snap shot by Liam O'Brien.
12:26 of 3rd period - Shot Blocked by Jeremy Welsh.
12:51 of 3rd period - Derek Meech is hit by Christian Thomas and loses puck.
13:04 of 3rd period - Joel Chouinard is hit by Mike Zalewski and loses puck.
13:06 of 3rd period - Mike Zalewski beats up Joel Chouinard.
13:06 of 3rd period - Penalty to Mike Zalewski for Fighting.
13:06 of 3rd period - Penalty to Joel Chouinard for Fighting.
13:07 of 3rd period - Landon Ferraro wins face-off versus Andrej Nestrasil in Rampage zone.
13:57 of 3rd period - Mat Clark is hit by Christian Thomas and loses puck.
14:54 of 3rd period - Bryan Rust is hit by Mat Clark and loses puck.
15:08 of 3rd period - Icing by Connor Brickley.
15:09 of 3rd period - Connor Brickley wins face-off versus Brendan Gaunce in Rampage zone.
15:26 of 3rd period - Slapshot by Bryan Rust.
15:26 of 3rd period - Stopped by Mike Condon with a rebound.
15:28 of 3rd period - Slapshot by Nate Prosser.
15:28 of 3rd period - Deflect By Derek Meech.
15:28 of 3rd period - Stopped by Mike Condon without a rebound.
15:29 of 3rd period - Andrej Nestrasil wins face-off versus Landon Ferraro in Comets zone.
15:44 of 3rd period - Snap shot by Landon Ferraro.
15:44 of 3rd period - Stopped by Pheonix Copley with a rebound.
15:46 of 3rd period - Slapshot by John Scott.
15:46 of 3rd period - Deflect By Taylor Beck.
15:46 of 3rd period - Stopped by Pheonix Copley without a rebound.
15:47 of 3rd period - Andrej Nestrasil wins face-off versus Landon Ferraro in Rampage zone.
15:54 of 3rd period - Snap shot by Ben Hanowski.
15:54 of 3rd period - Stopped by Pheonix Copley without a rebound.
15:55 of 3rd period - Connor Brickley wins face-off versus Sven Baertschi in Rampage zone.
16:54 of 3rd period - Ben Hanowski and Connor Brickley fight to a draw.
16:54 of 3rd period - Penalty to Ben Hanowski for Fighting.
16:54 of 3rd period - Penalty to Connor Brickley for Fighting.
16:55 of 3rd period - Andrej Nestrasil wins face-off versus Brendan Gaunce in Rampage zone.
17:00 of 3rd period - Snap shot by Andrej Nestrasil.
17:00 of 3rd period - Shot Misses the Net.
17:02 of 3rd period - Wrist shot by Colton Sceviour.
17:02 of 3rd period - Stopped by Mike Condon with a rebound.
17:04 of 3rd period - Snap shot by Colton Sceviour.
17:04 of 3rd period - Stopped by Mike Condon without a rebound.
17:05 of 3rd period - Andrej Nestrasil wins face-off versus Scott Glennie in Comets zone.
17:08 of 3rd period - Wrist shot by Colton Sceviour.
17:08 of 3rd period - Shot Misses the Net.
17:14 of 3rd period - Wrist shot by Andrej Nestrasil.
17:14 of 3rd period - Shot Blocked by Andrew Ference.
17:16 of 3rd period - Slapshot by Keaton Ellerby.
17:16 of 3rd period - Deflect By Andrej Nestrasil.
17:16 of 3rd period - Shot Blocked by Logan Shaw.
17:16 of 3rd period - Puck is out of play.
17:17 of 3rd period - Max Friberg wins face-off versus Tyler Kennedy in Comets zone.
17:18 of 3rd period - Snap shot by Christian Thomas.
17:18 of 3rd period - Shot Misses the Net.
17:20 of 3rd period - Slapshot by Christian Thomas.
17:20 of 3rd period - Deflect By Daniel Briere.
17:20 of 3rd period - Stopped by Mike Condon with a rebound.
17:22 of 3rd period - Slapshot by Nate Prosser.
17:22 of 3rd period - Stopped by Mike Condon without a rebound.
17:23 of 3rd period - Jeremy Welsh wins face-off versus Max Friberg in Comets zone.
17:36 of 3rd period - Wrist shot by Tyler Kennedy.
17:36 of 3rd period - Shot Blocked by Michal Rozsival.
17:55 of 3rd period - Christian Thomas is hit by Tyler Kennedy and loses puck.
18:26 of 3rd period - Slapshot by Andrej Nestrasil.
18:26 of 3rd period - Shot Misses the Net.
18:59 of 3rd period - Snap shot by Bryan Rust.
18:59 of 3rd period - Shot Misses the Net.
19:07 of 3rd period - Liam O'Brien is hit by Nicklas Jensen and loses puck.
19:10 of 3rd period - Comets, Mike Condon is pulled from the net.
19:59 of 3rd period - Snap shot by Tyler Kennedy.
19:59 of 3rd period - Stopped by Pheonix Copley with a rebound.
Goals for this period are 1 for Rampage vs 0 for Comets.
Shots for this period are 13 for Rampage vs 7 for Comets.